 Dungeon Crawl Stone Soup version 0.25-b1-23-ge2ad7d536c (webtiles) character file.

Game seed: 3961815401787071219, levelgen mode: deterministic

1682 diana the Skirmisher (level 8, -11/67 HPs)
             Began as a Demonspawn Fighter on June 3, 2020.
             Splashed by Ijyb's acid (15 damage)
             ... on level 5 of the Dungeon.
             The game lasted 00:06:19 (4435 turns).

diana the Skirmisher (Demonspawn Fighter)           Turns: 4435, Time: 00:06:19

Health: -11/67     AC:  5    Str: 18    XL:     8   Next: 71%
Magic:  8/8        EV:  5    Int: 15    God:
Gold:   150        SH: 10    Dex: 14    Spells: 7/7 levels left

rFire    . . .     SeeInvis .   a - +0 long sword
rCold    . . .     Gourm    .   c - +0 kite shield
rNeg     . . .     Faith    .   m - +0 chain mail
rPois    .         Spirit   .   (no helmet)
rElec    .         Reflect  .   (no cloak)
rCorr    .         Harm     .   (no gloves)
MR       .....                  (no boots)
Stlth    ..........             (no amulet)
HPRegen  0.21/turn              p - +6 ring of intelligence
MPRegen  0.11/turn              (no ring)

@: mighty, corroded
A: powered by death 2, spiny 3
a: no special abilities


You were on level 5 of the Dungeon.
You were not hungry.

You visited 1 branch of the dungeon, and saw 5 of its levels.

You collected 192 gold pieces.
You spent 42 gold pieces at shops.

Inventory:

Hand Weapons
 a - a +0 long sword (weapon)
Armour
 c - a +0 kite shield (worn)
 m - a +0 chain mail (worn)
 n - a +0 plate armour
Jewellery
 p - a +6 ring of intelligence (left hand)
Wands
 s - a wand of polymorph (5)
Scrolls
 b - a scroll of remove curse
 h - 3 scrolls of teleportation
 i - 3 scrolls of amnesia {unknown}
 j - a scroll of enchant armour {unknown}
 k - a scroll of fog {unknown}
 l - a scroll of noise {unknown}
 q - 2 scrolls of magic mapping {unknown}
 u - 2 scrolls of random uselessness {unknown}
Potions
 g - a potion of magic
 o - 5 potions of curing
 r - a potion of heal wounds {unknown}
Comestibles
 f - 10 rations


   Skills:
 * Level 7.5 Fighting
 + Level 5.5 Long Blades
 + Level 5.1 Armour
 - Level 4.8 Shields


You had 7 spell levels left.
You didn't know any spells.
Your spell library was empty.

Dungeon Overview and Level Annotations

Branches:
Dungeon (5/15)
 Temple: D:4-7

Altars:
Ashenzari
Cheibriados
Dithmenos
Makhleb
Sif Muna
Xom

Shops:
D:4 :   D:5 *(

Annotations:
D:5 Ijyb


Innate Abilities, Weirdness & Mutations

You regenerate health from kills.
You are completely covered in sharp spines.


Message History

You are too injured to fight recklessly!
You are too injured to fight recklessly!
You are too injured to fight recklessly!
You are too injured to fight recklessly!
You are too injured to fight recklessly!
You are too injured to fight recklessly!
You feel very mighty all of a sudden. Ijyb closely misses you.
You closely miss Ijyb.
Ijyb is moderately wounded.
Ijyb hits you with a +0 war axe of freezing!
* * * LOW HITPOINT WARNING * * *
Ijyb freezes you.
* * * LOW HITPOINT WARNING * * *
Your chain mail prevents you from hitting Ijyb.
Ijyb is moderately wounded.
Ijyb zaps a wand.
The bolt of acid hits you!
* * * LOW HITPOINT WARNING * * *
You are splashed with acid!
You die...

####### ####.....#
..##.....# #
#.##.....# . #..
#.##.....# #
##.###≈##.....# #
#..g@.†####.### #
#...<...#.##...# #
####.##.#.##.##### #
# #......#...# #
#.####.##...#.# #
#.............# ###
#########
######<##.#..######..
........##
#.##.#..........
######.#.######
#.##...#######..


You could see Ijyb.

Vanquished Creatures
  A sky beast (D:5)
  An ice beast (D:5)
  2 phantoms
  3 centaurs (D:5)
  Blork the orc (D:4)
  A bullfrog (D:2)
  2 water moccasin skeletons (D:5)
  2 scorpions
  7 crimson imps
  A jelly (D:5)
  An orc priest (D:3)
  4 hounds
  5 worker ants
  A hound zombie (D:5)
  A howler monkey skeleton (D:4)
  7 adders
  An ooze (D:1)
  2 adder skeletons (D:4)
  A worm (D:5)
  3 dart slugs
  4 leopard geckos
  16 orcs
  2 ball pythons
  7 bats
  7 giant cockroaches
  11 goblins
  11 hobgoblins
  14 jackals
  10 kobolds
  3 quokkas
  3 frilled lizards
  A leopard gecko skeleton (D:5)
  A leopard gecko zombie (D:3)
  2 quokka skeletons
  9 rats
148 creatures vanquished.

Notes
Turn   | Place    | Note
-------+----------+-------------------------------------------
     0 | D:1      | diana the Demonspawn Fighter began the quest for the Orb.
     0 | D:1      | Reached XP level 1. HP: 18/18 MP: 1/1
   171 | D:1      | Gained mutation: You are partially covered in sharp spines.
                  | [demonic ancestry]
   171 | D:1      | Reached XP level 2. HP: 23/24 MP: 2/2
   436 | D:1      | Reached XP level 3. HP: 29/29 MP: 3/3
   820 | D:2      | Noticed a bullfrog
   824 | D:2      | Killed a bullfrog
   824 | D:2      | Gained mutation: You are mostly covered in sharp spines.
                  | [demonic ancestry]
   824 | D:2      | Reached XP level 4. HP: 20/35 MP: 4/4
  1101 | D:2      | Gained mutation: You are completely covered in sharp
                  | spines. [demonic ancestry]
  1101 | D:2      | Reached XP level 5. HP: 28/41 MP: 5/5
  1281 | D:2      | Found a shattered altar of Ashenzari.
  1427 | D:2      | Found a snail-covered altar of Cheibriados.
  2096 | D:3      | Gained mutation: You regenerate a little health from kills.
                  | [demonic ancestry]
  2096 | D:3      | Reached XP level 6. HP: 47/47 MP: 6/6
  2136 | D:3      | Found a shadowy altar of Dithmenos.
  2436 | D:3      | Found a shimmering altar of Xom.
  2460 | D:3      | Reached skill level 4 in Fighting
  3160 | D:4      | Found Fidwaca's Book Boutique.
  3169 | D:4      | Gained mutation: You regenerate health from kills. [demonic
                  | ancestry]
  3169 | D:4      | Reached XP level 7. HP: 53/55 MP: 7/7
  3203 | D:4      | Reached skill level 5 in Fighting
  3382 | D:4      | Noticed Blork the orc
  3398 | D:4      | Killed Blork the orc
  3523 | D:4      | Found a shimmering blue altar of Sif Muna.
  3639 | D:5      | Entered Level 5 of the Dungeon
  3700 | D:5      | Reached skill level 6 in Fighting
  3700 | D:5      | Reached XP level 8. HP: 62/64 MP: 8/8
  3719 | D:5      | Found a burning altar of Makhleb.
  3790 | D:5      | Found Hotaid's General Store.
  3840 | D:5      | Reached skill level 5 in Long Blades
  4080 | D:5      | Found Ajisaqem's Weapon Emporium.
  4121 | D:5      | Reached skill level 7 in Fighting
  4153 | D:5      | Reached skill level 5 in Armour
  4263 | D:5      | Bought a scroll of remove curse for 42 gold pieces
  4428 | D:5      | Noticed Ijyb
  4435 | D:5      | Splashed by Ijyb's acid

Illustrated notes

Levels and vault maps discovered:
D:1:      eino_arrival_cavern_d, layout_loops_ring, minmay_misc_feat_ornament
D:2:      layout_rooms, kennysheep_slug_shrine, first_ration,
          evilmike_ruin_ashenzari
D:3:      layout_basic, nicolae_dithmenos_through_a_glass_darkly,
          portal_sewer_entry_d, led_xom_imps
D:4:      layout_rooms, lemuel_blue_sif_altar, serial_shops,
          nicolae_shop_waterfront, uniq_blork_the_orc
D:5:      layout_loops_cross, makhleb_blood_cavern_becter, serial_shops, shop,
          kennysheep_windowed_goal, uniq_ijyb

Skill      XL: |  1  2  3  4  5  6  7  8 |
---------------+-------------------------+-----
Shields        | 3 4 |  4.8
Long Blades    | 2 3 4 5 |  5.5
Armour         | 3 4 5 |  5.1
Fighting       | 4 6 7 |  7.5

Action                   |  1- 3 |  4- 6 |  7- 9 || total
-------------------------+-------+-------+-------++-------
Melee: Long sword        |    62 |   172 |   137 ||   371
       Unarmed           |       |       |    11 ||    11
  Use: Scroll            |       |       |     4 ||     4
       Potion            |       |       |     1 ||     1
  Eat: Chunk             |       |     8 |     4 ||    12
Armor: Scale mail        |    33 |    16 |       ||    49
       Chain mail        |       |    56 |    51 ||   107
       Skin              |       |       |     2 ||     2
Dodge: Dodged            |    19 |    42 |    31 ||    92
Block: Kite shield       |    34 |    90 |    65 ||   189
       Rpst.: Long sword |     7 |    12 |     7 ||    26
